 Dungeon Crawl Stone Soup version 0.22.1-2-g9c5b331 (webtiles) character file.

935 ubloh the Conjurer (level 7, -5/36 HPs)
             Began as a Deep Elf Fire Elementalist on Dec 25, 2018.
             Slain by Edmund
             ... wielding a +2 flail of protection
              (9 damage)
             ... on level 6 of the Dungeon.
             The game lasted 00:35:08 (7327 turns).

ubloh the Conjurer (Deep Elf Fire Elementalist)     Turns: 7327, Time: 00:35:09

Health: -5/36      AC:  2    Str:  5    XL:     7   Next: 87%
Magic:  1/18       EV: 14    Int: 22    God:
Gold:   287        SH:  0    Dex: 15    Spells: 8/18 levels left

rFire    . . .     SeeInvis .   v - +2 dagger (venom)
rCold    . . .     Gourm    .   (no shield)
rNeg     . . .     Faith    .   p - +0 robe
rPois    .         Spirit   .   h - +0 hat
rElec    .         Reflect  .   w - scarf {cloud immunity}
rCorr    .         Harm     .   (no gloves)
MR       .....                  (no boots)
Stlth    ++........             (no amulet)
HPRegen  0.12/turn              (no ring)
MPRegen  0.16/turn              (no ring)

@: very slightly contaminated
A: no striking features
a: no special abilities


You were on level 6 of the Dungeon.
You were not hungry.

You visited 1 branch of the dungeon, and saw 6 of its levels.

You collected 287 gold pieces.

Inventory:

Hand Weapons
 b - a +0 hunting sling
 v - a +2 dagger of venom (weapon)
Missiles
 d - 112 stones (quivered)
 x - 20 sling bullets
Armour
 h - a +0 hat (worn)
 j - a +2 shield
 l - a +0 leather armour
 p - a +0 robe (worn)
 w - a scarf of cloud immunity (worn)
Wands
 q - a wand of paralysis (6)
Scrolls
 e - a scroll of enchant armour {unknown}
 g - 2 scrolls of teleportation {unknown}
 i - 3 scrolls of identify {unknown}
 k - 5 scrolls of remove curse
 r - 2 scrolls of enchant weapon {unknown}
 t - 2 scrolls of fog {unknown}
 y - a scroll of noise {unknown}
Potions
 a - a potion of magic {unknown}
 f - a potion of curing
 m - a potion of brilliance {unknown}
 n - 3 potions of flight
 o - a potion of invisibility {unknown}
 s - a potion of lignification {unknown}
 u - a potion of heal wounds {unknown}
 A - 2 potions of cancellation {unknown}
Comestibles
 c - 14 rations


   Skills:
 - Level 4.0 Dodging
 - Level 2.4 Stealth
 + Level 6.3 Spellcasting
 * Level 6.7 Conjurations
 + Level 5.7 Fire Magic


You had 8 spell levels left.
You knew the following spells:

 Your Spells              Type           Power        Failure   Level  Hunger
a - Flame Tongue          Conj/Fire      ####.        1%          1    None
b - Throw Flame           Conj/Fire      ####..       1%          2    None
c - Conjure Flame         Conj/Fire      ####....     1%          3    #......
d - Sticky Flame          Conj/Fire      ####....     7%          4    ###....

Your spell library contained the following spells:

 Spells                   Type           Power        Failure   Level  Hunger
 Inner Flame              Hex/Fire       ###.....     9%          3    #......
 Fireball                 Conj/Fire      ####......   19%         5    #####..


Dungeon Overview and Level Annotations

Branches:
Dungeon (6/15)
 Temple: D:4-7

Altars:
Gozag
Trog

Annotations:
D:5 exclusion: downstairs
D:6 Edmund


Message History

Edmund is severely wounded.
Edmund is engulfed in blazing flames.
Edmund closely misses you.
Casting: Flame Tongue (safe; 1% risk of failure)
Confirm with . or Enter, or press ? or * to list all spells.
Aiming: Flame Tongue (safe; 1% risk of failure)
Press: ? - help, Shift-Dir - straight line, f/p - Edmund
Aim: Edmund, wielding a flail of protection and wearing a runed chain mail You miscast Flame Tongue.
Nothing appears to happen.
Edmund hits you with a flail of protection!
* * * LOW HITPOINT WARNING * * *
Casting: Flame Tongue (safe; 1% risk of failure)
Confirm with . or Enter, or press ? or * to list all spells.
Aiming: Flame Tongue (safe; 1% risk of failure)
Press: ? - help, Shift-Dir - straight line, f/p - Edmund
Aim: Edmund, wielding a flail of protection and wearing a runed chain mail The flame tongue hits Edmund.
Edmund appears unharmed.
Edmund is almost dead.
Edmund is engulfed in blazing flames.
Edmund hits you with a flail of protection!
You die...

.........#
#..##########
........##
#########.##
.....<..#
#.........#
........#
#.........# ##
......###
#.........## ...
.....##
#..........#
##.... .).###
#......#..##......
.### ##
##....##..#.......
## ###.#
###@####....≈♣
#....# ##@##
##..≈≈≈...
......###.##
#..P≈♣...
.......#..#
#..≈≈≈. .
.........##
#...≈♣...
........## #.....
.# .....$...
#...... #
.........#
#....###
..........


You could see Edmund.

Vanquished Creatures
  Menkaure (D:5)
  2 phantoms
  An ogre (D:5)
  A howler monkey (D:4)
  A crimson imp (D:5)
  A centaur skeleton (D:5)
  2 orc priests (D:3)
  An orc wizard (D:5)
  An iguana (D:4)
  7 worker ants
  3 gnolls (D:4)
  5 adders
  A worm (D:3)
  3 dart slugs
  4 leopard geckos
  15 orcs
  7 bats
  4 giant cockroaches
  6 goblins
  4 hobgoblins
  9 jackals
  6 kobolds
  2 quokkas
  A ball python (D:3)
  3 frilled lizards
  A leopard gecko skeleton (D:4)
  A quokka skeleton (D:4)
  5 rats
98 creatures vanquished.

Notes
Turn   | Place    | Note
-------+----------+-------------------------------------------
     0 | D:1      | ubloh the Deep Elf Fire Elementalist began the quest for
                  | the Orb.
     0 | D:1      | Reached XP level 1. HP: 10/10 MP: 6/6
   355 | D:1      | Reached XP level 2. HP: 15/15 MP: 6/8
   415 | D:1      | Learned a level 2 spell: Throw Flame
  1267 | D:2      | Reached XP level 3. HP: 19/19 MP: 4/9
  1517 | D:2      | Learned a level 3 spell: Conjure Flame
  2772 | D:3      | Reached XP level 4. HP: 24/24 MP: 7/11
  3734 | D:3      | Reached XP level 5. HP: 28/28 MP: 9/13
  4259 | D:4      | Noticed a phantom
  4401 | D:4      | Reached XP level 6. HP: 32/32 MP: 0/14
  4730 | D:4      | Learned a level 4 spell: Sticky Flame
  4831 | D:4      | Reached skill level 5 in Spellcasting
  4831 | D:4      | Reached skill level 5 in Conjurations
  5073 | D:5      | Entered Level 5 of the Dungeon
  5534 | D:5      | Reached skill level 5 in Fire Magic
  5535 | D:5      | Reached XP level 7. HP: 15/36 MP: 3/16
  5730 | D:5      | Found an opulent altar of Gozag.
  5751 | D:5      | Noticed Menkaure
  5755 | D:5      | Killed Menkaure
  6610 | D:5      | Found a bloodstained altar of Trog.
  7309 | D:6      | Noticed Edmund
  7327 | D:6      | Slain by Edmund

Skill      XL: |  1  2  3  4  5  6  7 |
---------------+----------------------+-----
Conjurations   | 2 3 4 5 6 |  6.7
Dodging        | 3 4 |  4.0
Fire Magic     | 4 5 |  5.7
Spellcasting   | 4 5 6 |  6.3
Stealth        | |  2.4

Action                   |  1- 3 |  4- 6 |  7- 9 || total
-------------------------+-------+-------+-------++-------
Melee: Dagger            |       |       |     5 ||     5
Throw: Stone             |     1 |       |       ||     1
 Cast: Flame Tongue      |    36 |    67 |    39 ||   142
       Throw Flame       |    36 |    55 |    16 ||   107
       Conjure Flame     |       |     5 |     3 ||     8
       Sticky Flame      |       |     2 |     5 ||     7
Evoke: Wand              |       |     1 |       ||     1
  Use: Scroll            |     1 |       |       ||     1
       Potion            |       |     2 |       ||     2
  Eat: Chunk             |     6 |     9 |     7 ||    22
Armor: Robe              |     4 |     1 |       ||     5
Dodge: Dodged            |    12 |    15 |     8 ||    35
